 Dungeon Crawl Stone Soup version 0.19.0-18-g426998a (webtiles) character file.

893 Jerry the Slasher (level 8, 0/57 HPs)
             Began as a Vine Stalker Skald on Nov 12, 2016.
             Succumbed to a water moccasin's poison
             ... on level 5 of the Dungeon.
             The game lasted 00:17:27 (5139 turns).

Jerry the Slasher (Vine Stalker Skald)              Turns: 5139, Time: 00:17:28

Health: 0/57       AC:  4    Str: 19    XL:     8   Next: 6%
Magic:  9/12       EV: 14    Int: 13    God:
Gold:   239        SH:  0    Dex: 16    Spells: 2 memorised, 7 levels left

rFire  . . .     SeeInvis .     a - +0 falchion
rCold  . . .     Gourm    .     b - +0 leather armour
rNeg   . . .     Faith    .     (no shield)
rPois  .         Spirit   +     (no helmet)
rElec  .         Reflect  .     f - +0 cloak
rCorr  .         Harm     .     (no gloves)
MR     +++..                    (no boots)
Stlth  ..........               (no amulet)
                                G - ring of protection from magic
                                s - ring of protection from magic

@: berserking (expiring), lethally poisoned (0 -> -19), infused, very quick
A: fangs 3, regeneration 1, magic shield, antimagic bite, no device heal 3, rot
immunity
a: no special abilities


You were on level 5 of the Dungeon.
You were hungry.

You visited 2 branches of the dungeon, and saw 6 of its levels.

You collected 239 gold pieces.

Inventory:

Hand Weapons
 a - a +0 falchion (weapon)
 p - a +0 blowgun
 D - a +0 long sword
Missiles
 x - 2 throwing nets (quivered)
 A - 35 poisoned needles
Armour
 b - a +0 leather armour (worn)
 f - a +0 cloak (worn)
Jewellery
 s - a ring of protection from magic (left hand)
 G - a ring of protection from magic (right hand)
Scrolls
 i - 4 scrolls of identify {unknown}
 l - a scroll of enchant weapon {unknown}
 m - 3 scrolls of noise {unknown}
 o - a scroll of fear {unknown}
 q - a scroll of blinking {unknown}
 t - a scroll of teleportation {unknown}
 w - 2 scrolls of remove curse {unknown}
 y - 3 scrolls of random uselessness {unknown}
 C - a scroll of magic mapping {unknown}
 F - a scroll of immolation {unknown}
 I - a scroll of recharging {unknown}
 J - a scroll of torment {unknown}
Potions
 e - a potion of cancellation {unknown}
 g - 4 potions of invisibility {unknown}
 h - 3 potions of flight {unknown}
 j - 3 potions of curing {unknown}
 k - a potion of degeneration {unknown}
 r - a potion of heal wounds {unknown}
 z - a potion of brilliance {unknown}
 B - a potion of agility {unknown}
 E - a potion of lignification {unknown}
Books
 c - a book of Battle

   Spells                             Type                      Level
   a - Infusion                       Charms                       1
   b - Shroud of Golubria             Charms/Translocation         2
   c - Song of Slaying                Charms                       2
   d - Spectral Weapon                Hexes/Charms                 3
   e - Regeneration                   Charms/Necromancy            3
 H - a book of Callings

   Spells                             Type                      Level
   a - Summon Small Mammal            Summoning                    1
   b - Call Imp                       Summoning                    2
   c - Call Canine Familiar           Summoning                    3
   d - Summon Guardian Golem          Hexes/Summoning              3
   e - Summon Lightning Spire         Summoning/Air                4
   f - Summon Ice Beast               Ice/Summoning                4
Comestibles
 d - 4 bread rations
 n - 3 meat rations
 v - a beef jerky


   Skills:
 - Level 1.7 Fighting
 + Level 4.2 Long Blades
 + Level 3.4 Armour
 + Level 3.6 Dodging
 - Level 2.1 Spellcasting
 - Level 4.0 Charms
 + Level 3.5 Necromancy


You had 7 spell levels left.
You knew the following spells:

 Your Spells              Type           Power        Failure   Level  Hunger
a - Infusion              Chrm           ##..         6%          1    ##.....
b - Regeneration          Chrm/Necr      ##........   21%         3    ####...


Dungeon Overview and Level Annotations

Branches:
Dungeon (5/15)             Temple (1/1) D:5

Altars:
Ashenzari
Cheibriados
Dithmenos
Elyvilon
Fedhas
Hepliaklqana
Kikubaaqudgha
Makhleb
Nemelex Xobeh
Qazlal
Ru
Sif Muna
Trog
Vehumet
Xom
Yredelemnul
The Shining One


Innate Abilities, Weirdness & Mutations

You have razor-sharp teeth.
Your natural rate of healing is unusually fast.
When hurt, damage is shared between your health and your magic reserves.
Your bite disrupts and absorbs the magic of your enemies.
Potions and wands cannot restore your health.
You are immune to rotting.


Message History

* * * LOW HITPOINT WARNING * * *
You feel sick. The water moccasin misses you.
You slash the water moccasin! Your bite misses the water moccasin.
The water moccasin is almost dead.
* * * LOW HITPOINT WARNING * * *
You feel sick. The water moccasin bites you.
* * * LOW HITPOINT WARNING * * *
You are more poisoned.
The water moccasin poisons you! The water moccasin closely misses you.
You barely miss the water moccasin. You bite the water moccasin.
You drain its power.
You feel invigorated.
You kill the water moccasin!
You have reached level 8!
You feel agile.
Your teeth grow very long and razor-sharp.
* * * LOW HITPOINT WARNING * * *
You feel sick.
You are too berserk!
You are too berserk!
You die...

............#.#..####.#
###########.#.........######
....# #.###...##.......#
....# #.# #........###[#
....# #.# #....#..## #.#
....# #.####.#.##.####.#
.(..# #.......<.....##.#
....############†#..#.#.##.#
....#...........@.....#.##.#
#.#.............###.#.#.##.##
..#.............# #...#.....#
###.............# ##..#######
....#...........# #.>..
..###...........# ###... ..#
#...........# .... ..#
#...........# ... ..#
#...........##


There were no monsters in sight!

Vanquished Creatures
  Sigmund (D:4)
  A water moccasin (D:5)
  A water moccasin skeleton (D:4)
  2 hounds
  7 orc wizards
  Ijyb (D:2)
  4 worker ants
  Robin (D:2)
  5 adders
  An ooze (D:5)
  An adder skeleton (D:4)
  3 worms
  2 dart slugs
  2 leopard geckos
  13 orcs
  3 ball pythons
  4 giant cockroaches
  11 goblins
  13 hobgoblins
  6 jackals
  13 kobolds
  4 quokkas
  A ball python skeleton (D:4)
  8 bats
  9 frilled lizards
  8 rats
125 creatures vanquished.

Notes
Turn   | Place    | Note
-------+----------+-------------------------------------------
     0 | D:1      | Jerry the Vine Stalker Skald began the quest for the Orb.
     0 | D:1      | Reached XP level 1. HP: 11/11 MP: 4/4
    98 | D:1      | Reached skill level 1 in Armour
   277 | D:1      | Reached XP level 2. HP: 12/15 MP: 4/6
   333 | D:1      | Reached skill level 1 in Dodging
   799 | D:1      | Reached XP level 3. HP: 16/18 MP: 7/7
  1032 | D:2      | Noticed Robin
  1406 | D:2      | Killed Robin
  1406 | D:2      | Gained mutation: Your natural rate of healing is unusually fast. [Vine Stalker growth]
  1406 | D:2      | Reached XP level 4. HP: 17/23 MP: 1/8
  2082 | D:2      | Noticed Ijyb
  2098 | D:2      | Killed Ijyb
  2098 | D:2      | Reached XP level 5. HP: 26/26 MP: 1/9
  2103 | D:2      | Learned a level 3 spell: Regeneration
  2655 | D:3      | Found a shadowy altar of Dithmenos.
  2722 | D:3      | Reached skill level 1 in Necromancy
  3133 | D:3      | Found a shattered altar of Ashenzari.
  3492 | D:4      | Reached XP level 6. HP: 30/30 MP: 10/10
  3749 | D:4      | You fall through a shaft!
  3749 | D:5      | Entered Level 5 of the Dungeon
  3801 | D:4      | Found a hazy altar of Hepliaklqana.
  3920 | D:4      | Noticed Sigmund
  3932 | D:4      | Killed Sigmund
  3932 | D:4      | Reached XP level 7. HP: 34/34 MP: 9/11
  4594 | D:4      | Found a bloodstained altar of Trog.
  4785 | D:5      | Found a snail-covered altar of Cheibriados.
  4807 | D:5      | Found a staircase to the Ecumenical Temple.
  4816 | Temple   | Entered the Ecumenical Temple
  5138 | D:5      | Gained mutation: You have razor-sharp teeth. [Vine Stalker growth]
  5138 | D:5      | Reached XP level 8. HP: 3/38 MP: 9/12
  5138 | D:5      | HP: 2/57 [poisoned by a water moccasin]
  5139 | D:5      | Succumbed to a water moccasin's poison

Skill      XL: |  1  2  3  4  5  6  7 |
---------------+----------------------+-----
Armour         | 1 2 3 |  3.4
Dodging        | 1 2 3 |  3.6
Long Blades    | 2 3 4 |  4.2
Charms         | 4 |  4.0
Necromancy     | 1 2 3 |  3.5
Fighting       | |  1.7
Spellcasting   | |  2.1

Action                   |  1- 3 |  4- 6 |  7- 9 || total
-------------------------+-------+-------+-------++-------
Melee: Falchion          |    79 |   176 |   131 ||   386
       Bite              |    27 |    43 |    47 ||   117
 Cast: Infusion          |     3 |     6 |     9 ||    18
  Use: Potion            |       |     1 |     1 ||     2
 Stab: Sleeping          |       |     2 |       ||     2
  Eat: Chunk             |     1 |     9 |     4 ||    14
Armor: Leather armour    |    29 |    42 |    30 ||   101
Dodge: Dodged            |    62 |   123 |    76 ||   261
       Rpst.: Falchion   |    27 |    35 |    24 ||    86
